cohdb
Replays
Latest Replays
All Replays
Popular Replays
Top Player Replays
Match Explorer
How It Works
Community
CoH3 Stats
Reddit
Sign in to upload your games and track your stats! →
Sign in with Steam
Match 41392295
Unlisted
Match 41392295
Overview
Messages
Build Orders
End
Construct Section Command Post
Infantry Section
Selects Canadian Shock Battlegroup
ML 3-inch Mortar Team
Infantry Section
Infantry Section
Vickers Machine Gun Team
Selects Offensive Resupply
Grenade Package
Construct Field Infirmary
Selects Incendiary Munitions
Selects Canadian Shock Section
Construct Platoon Command Post
Canadian Shock Section
Construct Platoon Command Post
Infantry Training
Selects Pyrotechnics
6-pounder Anti-tank Gun Team
Construct Company Command Post
Matilda II Heavy Tank
Selects Point Assault
Matilda II Heavy Tank
Point Assault
Royal Engineer Section
Armored Vehicle Training
Point Assault
Infantry Section
Selects Churchill Crocodile Heavy Tank
Churchill Crocodile Heavy Tank
Infantry Section
Point Assault
Gonta
The sexy Ginger
1an5Ekasasi
sKrAnAcz®
Borguez
chad
Trueno
CPU - VERY EASY
0
0
Comments
sign in to comment!
No comments posted yet!